 Dungeon Crawl Stone Soup version 0.28-a0-1387-g3a22ab9bdc (webtiles) character file.

Game seed: 6785343385441696939

1003 funkygono the Firebug (level 8, -2/63 HPs)
             Began as a Gargoyle Fire Elementalist on Jan 1, 2022.
             Killed from afar by Maggie (12 damage)
             ... with a bolt of fire
             ... on level 7 of the Dungeon on Jan 2, 2022.
             The game lasted 00:09:26 (4844 turns).

funkygono the Firebug (Gargoyle Fire Elementalist)  Turns: 4844, Time: 00:09:26

Health: -2/63      AC: 24    Str: 12    XL:     8   Next: 20%
Magic:  0/16       EV:  2    Int: 18    God:
Gold:   179        SH:  0    Dex: 10    Spells: 8/18 levels left

rFire   . . .      SeeInvis +   o - +0 whip
rCold   . . .      Faith    .   (no shield)
rNeg    + . .      Spirit   .   (armour currently unavailable)
rPois   ∞          Reflect  .   (helmet currently unavailable)
rElec   .          Harm     .   (cloak currently unavailable)
rCorr   .          Rampage  .   (gloves currently unavailable)
Will    .....      NoTele   +   (boots currently unavailable)
Stlth   ++........              (no amulet)
HPRegen 0.20/turn               r - ring of see invisible
MPRegen 0.15/turn               (no ring)

@: tree-form (expiring), mesmerised
A: stationary, stasis, torment immunity, boosted hp, sickness immunity, AC +5,
negative energy resistance 1, (electricity resistance), torment resistance 1,
petrification resistance
a: no special abilities


You were on level 7 of the Dungeon.
You were a tree.
You visited 1 branch of the dungeon, and saw 5 of its levels.

You collected 179 gold pieces.

Inventory:

Hand Weapons
 c - a +0 club
 o - a +0 whip (weapon)
 q - a +0 flail
Missiles
 d - 24 stones
Armour
 a - a +0 robe (melded)
 g - the +2 shield of Resistance {rF++ rC++ Will++}
   (You acquired it on level 3 of the Dungeon)

   rF:        It greatly protects you from fire.
   rC:        It greatly protects you from cold.
   Will:      It greatly increases your willpower.
 p - a +2 ring mail of poison resistance
Jewellery
 h - a ring of resist corrosion
 r - a ring of see invisible (left branch)
 s - a ring of ice
Wands
 m - a wand of flame (20)
Scrolls
 b - 3 scrolls of fear
 f - 2 scrolls of identify
 n - 2 scrolls of magic mapping
Potions
 e - 4 potions of lignification
 k - a potion of mutation


   Skills:
 + Level 0.5 Fighting
 + Level 1.8 Dodging
 - Level 2.1 Stealth
 * Level 1.4 Shields
 * Level 5.5 Spellcasting
 * Level 4.7 Conjurations
 * Level 6.2 Fire Magic


You had 8 spell levels left.
You knew the following spells:

 Your Spells              Type           Power      Damage    Failure   Level
a - Foxfire               Conj/Fire      96%        2x1d8     1%          1
b - Scorch                Fire           54%        2d8       1%          2
c - Conjure Flame         Conj/Fire      24%        6-21      4%          3
d - Flame Wave            Conj/Fire      24%        2d6       13%         4

Your spell library contained the following spells:

 Spells                   Type           Power      Damage    Failure   Level
 Inner Flame              Hex/Fire       16%        N/A       11%         3


Dungeon Overview and Level Annotations

Branches:
Dungeon (4/15)
 Temple: D:4-7

Altars:
Xom

Annotations:
D:7 Maggie


Innate Abilities, Weirdness & Mutations

You are a tree.
Your roots penetrate the ground, keeping you stationary.
You cannot be teleported.
You are immune to unholy pain and torment.
Your maximum health is greatly increased.
Your equipment is partially melded.
You are immune to sickness and miasma.
((Your stone body is resilient. (AC +5)))
You are immune to poison.
You resist negative energy. (rN+)
((You are resistant to electric shocks. (rElec)))
You are resistant to unholy torment.
You are immune to petrification.


Message History

Unknown command.
Casting: Foxfire (safe; 1% risk of failure)
Confirm with . or Enter, or press ? or * to list all spells.
You don't have enough magic to cast this spell.
Unknown command.
You feel better.
Maggie is no longer more vulnerable to fire.
The foxfire hits Maggie but does no damage.
Maggie is almost dead.
Maggie casts a spell at you. The bolt of fire hits your foxfire.
Your foxfire completely resists.
The bolt of fire hits you!!
* * * LOW HITPOINT WARNING * * *
The foxfire hits Maggie.
Maggie resists.
Maggie is almost dead.
Casting: Foxfire (safe; 1% risk of failure)
Confirm with . or Enter, or press ? or * to list all spells.
You conjure some foxfire!
Your transformation is almost over.
Maggie hits you but does no damage.
Unknown command.
You feel better.
The foxfire hits Maggie but does no damage.
Maggie is almost dead.
The foxfire hits Maggie but does no damage.
Maggie is almost dead.
Maggie casts a spell.
Maggie attempts to bespell you!
You are mesmerised by Maggie!
Okay, then.
Okay, then.
Aiming: Throw Flame
Press: ? - help, Shift-Dir - straight line, f - Maggie
Aim: Maggie, wielding a +0 glaive, wearing +0 steam dragon scales and carrying a wand of polymorph (12) (almost dead, mesmerising, unusually resistant, 68% to hit)
The puff of flame misses Maggie.
Maggie mumbles the words to a spell, but in the wrong order.
Maggie gestures at you while chanting. The bolt of fire hits you!
You die...

.......>.
#.......#.......#
#....(..#.......#
#.......#.......#
.
#.......'.......#
..#
#.#######.......#
.... ##'##
#.....#+### .....
#...# #.....#
......#§.)#
#.....#
.....@'♣..#
#.....+
......#...#
#.....# .....
##### #.....#
.... #.....# ...
#.....# .. .


You could see Maggie (mesmerising, resistant).

Vanquished Creatures
  Grinder (D:3)
  Sigmund (D:2)
  A steam dragon (D:7)
  A sky beast (D:7)
  An ogre (D:4)
  A centaur (D:4)
  A scorpion (D:3)
  An orc priest (D:3)
  A jelly (D:3)
  A gnoll (D:1)
  7 adders
  2 worms
  A dart slug (D:2)
  5 orcs (D:3)
  4 endoplasms
  4 giant cockroaches
  8 goblins
  3 hobgoblins
  2 jackals (D:1)
  6 quokkas
  5 ball pythons
  3 bats (D:1)
  8 frilled lizards
  5 kobolds
  6 rats
79 creatures vanquished.

Vanquished Creatures (others)
  294 foxfires
294 creatures vanquished.

Grand Total: 373 creatures vanquished

Notes
Turn   | Place    | Note
-------+----------+-------------------------------------------
     0 | D:1      | funkygono the Gargoyle Fire Elementalist began the quest
                  | for the Orb.
     0 | D:1      | Reached XP level 1. HP: 10/10 MP: 3/3
   268 | D:1      | Reached XP level 2. HP: 15/15 MP: 3/5
   271 | D:1      | Learned a level 2 spell: Scorch
   344 | D:1      | Found a faded altar of an unknown god.
   428 | D:1      | Upgraded the game from 0.28-a0-1382-g92835e5c71 to
                  | 0.28-a0-1387-g3a22ab9bdc
   464 | D:1      | Reached XP level 3. HP: 12/19 MP: 0/6
   468 | D:1      | Learned a level 3 spell: Conjure Flame
  1590 | D:2      | Reached skill level 4 in Fire Magic
  1590 | D:2      | Reached XP level 4. HP: 24/24 MP: 1/8
  1950 | D:2      | Noticed Sigmund
  1997 | D:2      | HP: 1/24 [something (5)]
  1998 | D:2      | Killed Sigmund
  1999 | D:2      | Reached XP level 5. HP: 1/28 MP: 1/10
  1999 | D:2      | Reached XP level 6. HP: 1/32 MP: 1/11
  2513 | D:2      | Learned a level 4 spell: Flame Wave
  2953 | D:3      | Noticed Grinder
  2963 | D:3      | Killed Grinder
  2964 | D:3      | Reached skill level 5 in Fire Magic
  2964 | D:3      | Reached XP level 7. HP: 30/37 MP: 4/13
  3286 | D:3      | Found a shimmering altar of Xom.
  4143 | D:3      | Identified a scroll of acquirement
  4143 | D:3      | Acquired the +2 shield of Resistance {rF++ rC++ Will++}
  4143 | D:3      | Found the +2 shield of Resistance {rF++ rC++ Will++}
  4455 | D:4      | Reached skill level 5 in Spellcasting
  4515 | D:4      | You fall into a shaft and drop 3 floors!
  4534 | D:7      | Noticed a steam dragon
  4545 | D:7      | Killed a steam dragon
  4546 | D:7      | Reached skill level 1 in Shields
  4546 | D:7      | Reached skill level 6 in Fire Magic
  4546 | D:7      | Reached XP level 8. HP: 14/42 MP: 5/16
  4827 | D:7      | Noticed Maggie
  4841 | D:7      | HP: 2/63 [Maggie/bolt of fire (27)]
  4844 | D:7      | Killed from afar by Maggie

Illustrated notes

Levels and vault maps discovered:
D:1:      psy_arrival_wood_between_worlds, layout_basic,
          ebering_ecumenical_altar_webs, amcnicky_mini_pool_small
D:2:      layout_loops_ring, uniq_sigmund
D:3:      layout_basic, nicolae_overflow_crystal_walls, eino_tiny_chamber,
          minmay_fractal_squares_diagonal_5, uniq_grinder
D:4:      layout_loops_cross, minmay_fractal_squares_gapless_5, uniq_eustachio
D:7:      layout_gridville, grunt_potential, uniq_maggie

Skill      XL: |  1  2  3  4  5  6  7 |
---------------+----------------------+-----
Fire Magic     | 4 5 6 |  6.2
Conjurations   | 2 3 4 |  4.7
Spellcasting   | 3 4 5 |  5.5
Shields        | 1 |  1.4
Fighting       | |  0.5
Dodging        | |  1.8
Stealth        | |  2.1

Action                   |  1- 3 |  4- 6 |  7- 9 || total
-------------------------+-------+-------+-------++-------
Melee: Club              |       |       |     3 ||     3
 Cast: Foxfire           |    45 |    50 |   101 ||   196
       Scorch            |     3 |     7 |    11 ||    21
Evoke: Wand              |       |       |     1 ||     1
  Use: Scroll            |     1 |       |    10 ||    11
       Potion            |       |     2 |     2 ||     4
Armor: Robe              |     2 |     1 |     1 ||     4
       Skin              |       |     3 |     3 ||     6
Dodge: Dodged            |     9 |     9 |     4 ||    22

Table legend: (Time is in decaauts)
 A = Elapsed time spent in this place.
 B = Non-inter-level travel time spent in this place.
 C = Inter-level travel time spent in this place.
 D = Time resting spent in this place.
 E = Time spent auto-exploring this place.
 F = Levels seen in this place.
 G = Mean time per level.
                   A        B        C        D        E       F      G
               +--------+--------+--------+--------+--------+-----+--------+
         Total |   4859 |   4790 |     69 |    667 |   3485 |   5 |  971.8 |
       Dungeon |   4859 |   4790 |     69 |    667 |   3485 |   5 |  971.8 |
               +--------+--------+--------+--------+--------+-----+--------+

Top non-repeatable levels by time:
     D:1: 1549 daAuts
     D:2: 1419 daAuts
     D:3: 1230 daAuts
     D:4: 330 daAuts
     D:7: 328 daAuts
